 Dungeon Crawl Stone Soup version 0.25.1-9-gc5326a611f (webtiles) character file.

Game seed: 13120596056108085297

7015 Revguard the Magician (level 11, -3/75 HPs)
             Began as a Gnoll Skald on Feb 8, 2021.
             Was an Initiate of Uskayaw.
             Slain by a swamp worm (18 damage)
             ... on level 11 of the Dungeon.
             The game lasted 00:46:16 (11284 turns).

Revguard the Magician (Gnoll Skald)                Turns: 11284, Time: 00:46:17

Health: -3/75      AC: 16    Str: 15    XL:     11   Next: 8%
Magic:  19/22      EV: 16    Int: 19    God:    Uskayaw [......]
Gold:   483        SH:  0    Dex: 15    Spells: 8/25 levels left

rFire    . . .     SeeInvis .   y - +4 battleaxe
rCold    . . .     Gourm    .   (shield currently unavailable)
rNeg     + . .     Faith    .   t - +4 troll leather armour {Purgy}
rPois    +         Spirit   .   (no helmet)
rElec    .         Reflect  .   n - +0 cloak
rCorr    .         Harm     .   K - +1 pair of gloves
MR       .....                  m - +2 pair of boots
Stlth    +++.......             (no amulet)
HPRegen  0.62/turn              h - ring of poison resistance
MPRegen  0.18/turn              f - ring of positive energy

@: very slightly contaminated, invisible
A: distributed training, fangs 1, clever 1, frail 1, strong nose
a: Renounce Religion


You were on level 11 of the Dungeon.
You worshipped Uskayaw.
Uskayaw was noncommittal.
You were not hungry.

You visited 2 branches of the dungeon, and saw 12 of its levels.
You also visited: Sewer and Ossuary.

You collected 483 gold pieces.

Inventory:

Hand Weapons
 y - a +4 battleaxe (weapon)
Armour
 m - a +2 pair of boots (worn)
 n - a +0 cloak (worn)
 t - a +4 troll leather armour (worn) {Purgy}
 K - a +1 pair of gloves (worn)
Jewellery
 b - a +6 ring of intelligence {unknown}
 f - a ring of positive energy (right hand)
 h - a ring of poison resistance (left hand)
 G - an uncursed ring of fire
 I - an uncursed ring of flight
Wands
 i - a wand of random effects (9)
 k - a wand of acid (9)
 l - a wand of paralysis (8)
 s - a wand of disintegration (13)
 u - a wand of iceblast (8)
 x - a wand of flame (19)
Scrolls
 e - 3 scrolls of immolation
 o - 3 scrolls of remove curse
 p - a scroll of magic mapping
 q - 3 scrolls of teleportation
 r - 2 scrolls of fear
 v - 2 scrolls of blinking
 z - a scroll of enchant weapon
 B - 3 scrolls of random uselessness
 F - a scroll of fog
 H - 3 scrolls of identify
Potions
 g - 2 potions of resistance
 j - a potion of cancellation
 w - a potion of stabbing
 A - a potion of magic
 D - 4 potions of curing
Miscellaneous
 E - a tin of tremorstones (3/3)
Comestibles
 a - 8 chunks of flesh
 d - 16 rations


   Skills:
 + Level 7.5 Fighting
 + Level 5.8 Short Blades
 + Level 5.8 Long Blades
 + Level 7.5 Axes
 + Level 5.8 Maces & Flails
 + Level 5.8 Polearms
 + Level 5.8 Staves
 + Level 5.8 Slings
 + Level 5.8 Bows
 + Level 5.8 Crossbows
 + Level 5.8 Throwing
 + Level 6.4 Armour
 + Level 7.5 Dodging
 + Level 5.8 Stealth
 + Level 5.8 Shields
 + Level 5.8 Unarmed Combat
 + Level 7.8 Spellcasting
 + Level 4.8 Conjurations
 + Level 4.8 Hexes
 + Level 7.4 Charms
 + Level 4.8 Summonings
 + Level 4.8 Necromancy
 + Level 4.8 Translocations
 + Level 4.8 Transmutations
 + Level 4.8 Fire Magic
 + Level 4.8 Ice Magic
 + Level 4.8 Air Magic
 + Level 4.8 Earth Magic
 + Level 4.8 Poison Magic
 + Level 6.4 Invocations
 + Level 5.8 Evocations


You had 8 spell levels left.
You knew the following spells:

 Your Spells              Type           Power        Failure   Level  Hunger
a - Vampiric Draining     Necr           ####......   4%          3    #......
b - Song of Slaying       Chrm           #####...     1%          2    None
c - Shroud of Golubria    Chrm/Tloc      ####..       1%          2    None
d - Spectral Weapon       Hex/Chrm       ####....     2%          3    #......
e - Infusion              Chrm           ####         1%          1    None
f - Agony                 Necr           ####....     38%         5    #####..
g - Pain                  Necr           ####         1%          1    None

Your spell library contained the following spells:

 Spells                   Type           Power        Failure   Level  Hunger
 Animate Skeleton         Necr           N/A          1%          1    None
 Shock                    Conj/Air       ####         1%          1    None
 Swiftness                Chrm/Air       ####....     1%          2    None
 Ozocubu's Armour         Chrm/Ice       ####....     2%          3    #......
 Confusing Touch          Hex            ####....     4%          3    #......
 Gell's Gravitas          Tloc           ####......   4%          3    #......
 Static Discharge         Conj/Air       ####....     4%          3    #......
 Airstrike                Air            ####......   16%         4    ###....
 Animate Dead             Necr           N/A          16%         4    ###....
 Petrify                  Tmut/Erth      ####....     16%         4    ###....
 Lightning Bolt           Conj/Air       ####......   38%         5    #####..
 Metabolic Englaciation   Hex/Ice        ####......   38%         5    #####..
 Yara's Violent Unravell  Hex/Tmut       ####......   38%         5    #####..


Dungeon Overview and Level Annotations

Branches:
Dungeon (11/15)            Temple (1/1) D:5            Lair (0/6) D:11
    Orc (0/2) D:9           Sewer (visited)         Ossuary (visited)

Altars:
Ashenzari
Cheibriados
Dithmenos
Elyvilon
Fedhas
Gozag
Hepliaklqana
Kikubaaqudgha
Makhleb
Nemelex Xobeh
Okawaru
Qazlal
Ru
Sif Muna
Trog
Uskayaw
Vehumet
Wu Jian
Xom
Yredelemnul
Zin
The Shining One

Shops:
D:8 (?


Innate Abilities, Weirdness & Mutations

Your experience applies equally to all skills.
You have very sharp teeth.
Your uncanny sense of smell can sniff out nearby items.
Your mind is acute. (Int +2)
You are frail. (-10% HP)


Message History

You catch the helpless cyclops completely off-guard!
You slash the cyclops! You bite the cyclops, but do no damage.
The cyclops is moderately wounded.
You hit the swamp worm. The swamp worm misses you.
The cyclops closely misses you. The swamp worm barely misses you.
The swamp worm bites you!
* * * LOW HITPOINT WARNING * * *
Okay, then.
You feel much better. The cyclops hits you!
The swamp worm bites you but does no damage.
Okay, then.
You stomp with the beat, sending a shockwave through the revelers around you!
The swamp worm is moderately wounded. x2
The cyclops is heavily wounded.
You feel somewhat more hungry.
You can no longer stomp with the beat.
The swamp worm bites you!
* * * LOW HITPOINT WARNING * * *
The swamp worm bites you!!
You die...

### #..## ##.##
#####..# #...#
#......## # ##..(#
#.####..## ##.
#....####.# ##.)#
##.. #...((≈≈≈.#
##[.
#...##..≈≈≈≈≈≈≈#
##. ##.....≈≈P≈P≈≈#
## #....@w≈##≈##≈≈#
# #....wC≈#≈≈≈#≈≈≈#
#.###.≈≈##≈"≈##≈≈.#
# #.≈≈#≈≈≈≈≈ ≈≈..#
#.≈≈##≈)≈##≈≈#..
#.≈≈≈ ###≈≈# .. #≈≈
... ≈≈≈ ...


You could see a cyclops and 2 swamp worms.

Vanquished Creatures
  A two-headed ogre (D:11)
  An unseen horror (D:11)
  A troll (D:9)
  Sigmund (D:3)
  A wraith (D:11)
  A fire bat (D:4)
  A human (D:9)
  2 hungry ghosts
  An acid dragon (D:11)
  2 water moccasins (D:8)
  Duvessa (D:4)
  Purgy (Sewer)
  3 sky beasts
  3 orc warriors
  3 ice beasts
  A phantom (D:4)
  3 ogres
  6 bullfrogs
  Dowan (D:4)
  A wyvern zombie (D:11)
  2 scorpions
  17 wights
  A centaur zombie (D:8)
  2 crimson imps
  A bullfrog zombie (D:8)
  2 jellies (D:8)
  A gnoll shaman (D:9)
  A human zombie (Ossuary)
  6 orc priests
  7 hounds
  13 orc wizards
  Jessica (D:2)
  2 iguanas (D:9)
  Natasha (twice) (D:4)
  10 worker ants
  A statue (D:6)
  A hound zombie (D:6)
  5 mummies (Ossuary)
  3 worker ant zombies
  7 gnolls
  15 adders
  2 river rats (D:3)
  A shadow imp (D:9)
  3 oozes
  An adder skeleton (D:4)
  2 adder zombies
  2 worms (D:2)
  2 dart slugs (D:3)
  6 leopard geckos
  38 orcs
  A ball python (D:5)
  3 bats
  2 giant cockroaches (D:1)
  2 gnoll zombies (Ossuary)
  6 hobgoblins
  7 jackals
  15 kobolds
  4 quokkas
  6 frilled lizards
  6 goblins
  2 goblin zombies (Ossuary)
  A hobgoblin zombie (Ossuary)
  A kobold zombie (Ossuary)
  A leopard gecko skeleton (D:4)
  An orc zombie (Ossuary)
  11 rats
261 creatures vanquished.

Vanquished Creatures (others)
  2 plants (D:11)
  3 spectral weapons
5 creatures vanquished.

Grand Total: 266 creatures vanquished

Notes
Turn   | Place    | Note
-------+----------+-------------------------------------------
     0 | D:1      | Revguard the Gnoll Skald began the quest for the Orb.
     0 | D:1      | Reached XP level 1. HP: 20/20 MP: 6/6
   376 | D:1      | Reached XP level 2. HP: 21/26 MP: 7/7
   584 | D:1      | Learned a level 2 spell: Song of Slaying
  1133 | D:1      | Reached XP level 3. HP: 29/31 MP: 6/9
  1135 | D:1      | Reached skill level 5 in Spellcasting
  1530 | D:2      | Reached skill level 1 in Invocations
  1647 | D:2      | Reached skill level 1 in Short Blades
  1647 | D:2      | Reached skill level 1 in Long Blades
  1647 | D:2      | Reached skill level 1 in Maces & Flails
  1647 | D:2      | Reached skill level 1 in Polearms
  1647 | D:2      | Reached skill level 1 in Staves
  1647 | D:2      | Reached skill level 1 in Slings
  1647 | D:2      | Reached skill level 1 in Bows
  1647 | D:2      | Reached skill level 1 in Crossbows
  1647 | D:2      | Reached skill level 1 in Throwing
  1647 | D:2      | Reached skill level 1 in Stealth
  1647 | D:2      | Reached skill level 1 in Shields
  1647 | D:2      | Reached skill level 1 in Unarmed Combat
  1647 | D:2      | Reached skill level 1 in Evocations
  1699 | D:2      | Noticed Jessica
  1711 | D:2      | Killed Jessica
  1711 | D:2      | Reached XP level 4. HP: 10/38 MP: 11/11
  1719 | D:2      | Learned a level 2 spell: Shroud of Golubria
  2187 | D:2      | Reached skill level 1 in Conjurations
  2187 | D:2      | Reached skill level 1 in Hexes
  2187 | D:2      | Reached skill level 1 in Summonings
  2187 | D:2      | Reached skill level 1 in Necromancy
  2187 | D:2      | Reached skill level 1 in Translocations
  2187 | D:2      | Reached skill level 1 in Transmutations
  2187 | D:2      | Reached skill level 1 in Fire Magic
  2187 | D:2      | Reached skill level 1 in Ice Magic
  2187 | D:2      | Reached skill level 1 in Air Magic
  2187 | D:2      | Reached skill level 1 in Earth Magic
  2187 | D:2      | Reached skill level 1 in Poison Magic
  3094 | D:3      | Reached XP level 5. HP: 43/43 MP: 12/12
  3199 | D:3      | Found a glowing drain.
  3219 | Sewer    | Entered a sewer
  3367 | Sewer    | Noticed Purgy
  3384 | Sewer    | Killed Purgy
  3384 | Sewer    | Reached XP level 6. HP: 33/50 MP: 1/13
  3609 | D:3      | Gained mutation: Your body sometimes deteriorates upon
                  | taking damage. [potion of mutation]
  3609 | D:3      | Gained mutation: You are resistant to electric shocks.
                  | (rElec) [potion of mutation]
  3611 | D:3      | Lost mutation: Your body sometimes deteriorates upon taking
                  | damage. [potion of mutation]
  3611 | D:3      | Lost mutation: You are resistant to electric shocks.
                  | (rElec) [potion of mutation]
  3611 | D:3      | Gained mutation: You are frail. (-10% HP) [potion of
                  | mutation]
  3611 | D:3      | Gained mutation: Your mind is acute. (Int +2) [potion of
                  | mutation]
  3671 | D:3      | Learned a level 3 spell: Spectral Weapon
  3754 | D:3      | Found a faded altar of an unknown god.
  3926 | D:3      | Reached skill level 5 in Fighting
  3926 | D:3      | Reached skill level 5 in Axes
  3926 | D:3      | Reached skill level 5 in Dodging
  4167 | D:3      | Noticed Sigmund
  4182 | D:3      | Killed Sigmund
  4182 | D:3      | Reached XP level 7. HP: 34/50 MP: 10/15
  4316 | D:4      | Found a transporter.
  4373 | D:4      | Found a transporter.
  4376 | D:4      | Noticed a fire bat
  4416 | D:4      | Learned a level 3 spell: Vampiric Draining
  4422 | D:4      | Learned a level 5 spell: Agony
  4488 | D:4      | Noticed Duvessa
  4518 | D:4      | Killed Duvessa
  4524 | D:4      | Noticed Dowan
  4535 | D:4      | Killed Dowan
  4718 | D:4      | Noticed Natasha
  4735 | D:4      | Killed Natasha
  4888 | D:4      | Learned a level 1 spell: Pain
  5173 | D:4      | Reached XP level 8. HP: 30/56 MP: 11/16
  5496 | D:4      | Noticed Natasha
  5512 | D:4      | Killed Natasha
  5644 | D:5      | Entered Level 5 of the Dungeon
  5853 | D:5      | Found a glowing silver altar of Zin.
  6036 | D:5      | Found a staircase to the Ecumenical Temple.
  6052 | Temple   | Entered the Ecumenical Temple
  6256 | Temple   | Became a worshipper of Uskayaw the Reveler
  6301 | D:5      | Reached * piety under Uskayaw
  6307 | D:5      | Reached ** piety under Uskayaw
  6339 | D:5      | Found a sand-covered staircase.
  6347 | Ossuary  | Entered an ossuary
  6531 | Ossuary  | Reached *** piety under Uskayaw
  7300 | D:6      | Reached XP level 9. HP: 54/62 MP: 18/18
  7325 | D:6      | Got a scorched plate armour
  7336 | D:6      | Identified the +2 plate armour "Obia" {rPois rN+ MR+} (You
                  | found it on level 6 of the Dungeon)
  7425 | D:6      | Found a burning altar of Makhleb.
  7427 | D:6      | Found a basalt altar of Yredelemnul.
  7428 | D:6      | Found an opulent altar of Gozag.
  7597 | D:6      | Found a radiant altar of Vehumet.
  7792 | D:7      | Found a sparkling altar of Nemelex Xobeh.
  7869 | D:7      | Reached **** piety under Uskayaw
  7871 | D:7      | Reached ***** piety under Uskayaw
  8159 | D:7      | Reached skill level 5 in Armour
  8223 | D:7      | Found a white marble altar of Elyvilon.
  8431 | D:8      | Reached ****** piety under Uskayaw
  8512 | D:8      | Reached skill level 5 in Invocations
  8567 | D:8      | Reached XP level 10. HP: 56/69 MP: 20/20
  8813 | D:8      | Found Essoweum's Weapon Shop.
  8850 | D:8      | Found Voggapt's Magic Scroll Shop.
  9000 | D:9      | Reached skill level 5 in Short Blades
  9000 | D:9      | Reached skill level 5 in Long Blades
  9000 | D:9      | Reached skill level 5 in Maces & Flails
  9000 | D:9      | Reached skill level 5 in Polearms
  9000 | D:9      | Reached skill level 5 in Staves
  9000 | D:9      | Reached skill level 5 in Slings
  9000 | D:9      | Reached skill level 5 in Bows
  9000 | D:9      | Reached skill level 5 in Crossbows
  9000 | D:9      | Reached skill level 5 in Throwing
  9000 | D:9      | Reached skill level 5 in Stealth
  9000 | D:9      | Reached skill level 5 in Shields
  9000 | D:9      | Reached skill level 5 in Unarmed Combat
  9000 | D:9      | Reached skill level 5 in Evocations
  9142 | D:9      | Found a staircase to the Orcish Mines.
  9645 | D:9      | Found a glowing golden altar of the Shining One.
  9889 | D:10     | Entered Level 10 of the Dungeon
 10193 | D:10     | You fall into a shaft and drop 1 floor!
 10310 | D:11     | Killed an unseen horror
 10680 | D:11     | Noticed a two-headed ogre
 10687 | D:11     | Killed a two-headed ogre
 10687 | D:11     | Reached XP level 11. HP: 66/75 MP: 17/22
 11084 | D:11     | Found a staircase to the Lair.
 11269 | D:11     | Noticed a cyclops
 11284 | D:11     | Slain by a swamp worm

Illustrated notes

Levels and vault maps discovered:
D:1:      psy_arrival_spokes, layout_basic
D:2:      minmay_door_path, layout_basic, uniq_jessica
D:3:      layout_loops_ring, chequers_ecumenical_altar_twisty,
          portal_sewer_entry_b, uniq_sigmund
D:4:      gammafunk_cloud_chamber, layout_rooms, serial_co_window_serial,
          co_window_cross_1, co_window_corner_a, co_window_paths_b,
          co_window_paths_a, co_window_paths_a, co_window_broadway_b,
          co_window_unsneaky_path_d, co_window_corner_b,
          co_window_unsneaky_path_b, co_window_broadway_b, co_window_corner_ca,
          co_window_2corner, glass_columns_a, patterned_corridor, uniq_duvessa,
          uniq_natasha
D:5:      layout_basic, lemuel_coloured_pillars_altar,
          minmay_temple_entry_trees, nicolae_ossuary_entry_plus, first_ration
D:6:      layout_basic, vehumet_statue, minitemple
D:7:      layout_basic, kennysheep_mini_moat, nemelex_xobeh_ov_fountains_minmay
D:8:      layout_rooms, serial_shops, nicolae_shop_trees,
          nicolae_shop_temple_entry_statues_fountains
D:9:      layout_long_grid, overflow_temple_1_default, orc_0_dummy,
          grunt_pizzeria
D:10:     layout_basic, uniq_psyche, uniq_josephine
D:11:     layout_layer_cave, lair_entry_dummy, worms_lemuel
Temple:   regret_index_temple_generic_petals

Skill      XL: |  1  2  3  4  5  6  7  8  9 10 |
---------------+-------------------------------+-----
Spellcasting   | 5 6 7 |  7.8
Invocations    | 1 2 3 4 5 6 |  6.4
Short Blades   | 1 2 3 4 5 |  5.8
Long Blades    | 1 2 3 4 5 |  5.8
Maces & Flails | 1 2 3 4 5 |  5.8
Polearms       | 1 2 3 4 5 |  5.8
Staves         | 1 2 3 4 5 |  5.8
Slings         | 1 2 3 4 5 |  5.8
Bows           | 1 2 3 4 5 |  5.8
Crossbows      | 1 2 3 4 5 |  5.8
Throwing       | 1 2 3 4 5 |  5.8
Stealth        | 1 2 3 4 5 |  5.8
Shields        | 1 2 3 4 5 |  5.8
Unarmed Combat | 1 2 3 4 5 |  5.8
Evocations     | 1 2 3 4 5 |  5.8
Conjurations   | 1 2 3 4 |  4.8
Hexes          | 1 2 3 4 |  4.8
Summonings     | 1 2 3 4 |  4.8
Necromancy     | 1 2 3 4 |  4.8
Translocations | 1 2 3 4 |  4.8
Transmutations | 1 2 3 4 |  4.8
Fire Magic     | 1 2 3 4 |  4.8
Ice Magic      | 1 2 3 4 |  4.8
Air Magic      | 1 2 3 4 |  4.8
Earth Magic    | 1 2 3 4 |  4.8
Poison Magic   | 1 2 3 4 |  4.8
Armour         | 3 4 5 6 |  6.4
Fighting       | 5 6 7 |  7.5
Axes           | 5 6 7 |  7.5
Dodging        | 5 6 7 |  7.5
Charms         | 6 7 |  7.4

Action                   |  1- 3 |  4- 6 |  7- 9 | 10-12 || total
-------------------------+-------+-------+-------+-------++-------
Melee: Hand axe          |   143 |   179 |   419 |       ||   741
       Bite              |    12 |    13 |    67 |    22 ||   114
       Punch             |     1 |     2 |     6 |       ||     9
       Battleaxe         |       |       |    85 |   219 ||   304
 Cast: Song of Slaying   |     4 |     2 |     9 |     5 ||    20
       Infusion          |       |     1 |     1 |     1 ||     3
       Spectral Weapon   |       |     3 |     3 |     2 ||     8
       Shroud of Golubri |       |     2 |     2 |     1 ||     5
       Pain              |       |       |     3 |       ||     3
Invok: Stomp             |       |       |     9 |     3 ||    12
Evoke: Wand              |       |       |     2 |     1 ||     3
  Use: Scroll            |     2 |     1 |    17 |     1 ||    21
       Potion            |       |     8 |     6 |     4 ||    18
 Stab: Sleeping          |     2 |     6 |     8 |     5 ||    21
       Paralysed         |       |       |    15 |    11 ||    26
       Distracted        |       |       |     1 |       ||     1
       Invisible         |       |       |       |     1 ||     1
  Eat: Chunk             |     3 |     8 |    16 |    15 ||    42
Armor: Leather armour    |    30 |    33 |       |       ||    63
       Troll leather arm |       |    33 |   179 |   109 ||   321
Dodge: Dodged            |   116 |   133 |   347 |   240 ||   836
